 Dungeon Crawl Stone Soup version 0.19.5 (webtiles) character file.

191 Nelagord the Shield-Bearer (level 6, -7/43 HPs)
             Began as a Halfling Fighter on Mar 16, 2017.
             Mangled by an iguana (10 damage)
             ... on level 4 of the Dungeon.
             The game lasted 00:07:56 (3410 turns).

Nelagord the Shield-Bearer (Halfling Fighter)       Turns: 3410, Time: 00:07:57

Health: -7/43      AC:  0    Str: 17    XL:     6   Next: 2%
Magic:  6/6        EV: 13    Int: 11    God:
Gold:   153        SH: 11    Dex: 16    Spells: 0 memorised, 5 levels left

rFire  . . .     SeeInvis .     a - +1 long sword
rCold  . . .     Gourm    .     (no armour)
rNeg   . . .     Faith    .     c - +1 shield
rPois  .         Spirit   .     (no helmet)
rElec  .         Reflect  .     (no cloak)
rCorr  .         Harm     .     (no gloves)
MR     .....                    (no boots)
Stlth  ++........               (no amulet)
                                (no ring)
                                (no ring)

@: brilliant
A: mutation resistance 1
a: no special abilities


You were on level 4 of the Dungeon.
You were not hungry.

You visited 1 branch of the dungeon, and saw 4 of its levels.

You collected 153 gold pieces.

Inventory:

Hand Weapons
 a - a +1 long sword (weapon)
 j - a +1 short sword of venom
Armour
 c - a +1 shield (worn)
 f - a +0 buckler
Jewellery
 g - an uncursed ring of positive energy {unknown}
 o - an uncursed amulet of the gourmand {unknown}
Scrolls
 e - a scroll of recharging
 h - 2 scrolls of identify {unknown}
 k - a scroll of enchant weapon
 n - a scroll of remove curse
 p - a scroll of teleportation
Potions
 b - 3 potions of agility
 i - a potion of berserk rage {unknown}
 l - a potion of brilliance
 q - a potion of experience {unknown}
Comestibles
 r - a bread ration
 s - a slice of pizza


   Skills:
 * Level 3.8 Fighting
 - Level 2.0 Long Blades
 - Level 3.2 Armour
 + Level 2.6 Dodging
 + Level 2.7 Stealth
 + Level 4.2 Shields


You had 5 spell levels left.
You didn't know any spells.

Dungeon Overview and Level Annotations

Branches:
Dungeon (4/15)
 Temple: D:4-7

Altars:


Innate Abilities, Weirdness & Mutations

You are small and have problems with some larger weapons.
You are somewhat resistant to further mutation.


Message History

The iguana is almost dead.
You block the iguana's attack.
You closely miss the iguana.
The iguana is almost dead.
The iguana bites you!
* * * LOW HITPOINT WARNING * * *
You block the iguana's attack.
It was a potion of brilliance.
You feel clever all of a sudden. You block the iguana's attack.
You closely miss the iguana.
The iguana is almost dead.
The iguana barely misses you.
You hit the iguana.
The iguana is almost dead.
The iguana barely misses you.
You hit the iguana but do no damage.
The iguana is almost dead.
The iguana bites you!
You die...

######.##########.#
## #.##.. #.# .
#.##.# #.# #.#.##.#
#.#
#.#.##.#######.#
#...........##.#
#.#.##.####.##.#
#.#.#..# #.# #
#.#@.# #.# #.#l.#
#.# #.#..# #.#
#.#(.. #.# #[...##
#.# #.#### #.# #..
..#.# ###########
#.#.# #....)....#
#.#.#


You could see an iguana.

Vanquished Creatures
  An ogre (D:4)
  2 adders (D:2)
  A shadow imp (D:3)
  5 worms
  2 leopard geckos (D:2)
  An orc (D:3)
  A ball python (D:2)
  4 giant cockroaches
  7 goblins
  7 hobgoblins
  7 jackals (D:2)
  7 kobolds
  A quokka (D:3)
  8 bats
  4 frilled lizards
  6 rats
64 creatures vanquished.

Notes
Turn   | Place    | Note
-------+----------+-------------------------------------------
     0 | D:1      | Nelagord the Halfling Fighter began the quest for the Orb.
     0 | D:1      | Reached XP level 1. HP: 15/15 MP: 1/1
   335 | D:1      | Reached XP level 2. HP: 18/20 MP: 2/2
   651 | D:1      | Reached skill level 1 in Dodging
   651 | D:1      | Reached XP level 3. HP: 21/26 MP: 3/3
  1339 | D:2      | Reached skill level 1 in Stealth
  1415 | D:2      | Reached XP level 4. HP: 8/31 MP: 4/4
  2767 | D:3      | Reached XP level 5. HP: 33/36 MP: 5/5
  2803 | D:3      | Reached skill level 4 in Shields
  3113 | D:4      | Noticed an ogre
  3122 | D:4      | Killed an ogre
  3122 | D:4      | Reached XP level 6. HP: 10/43 MP: 6/6
  3406 | D:4      | HP: 2/43 [iguana (15)]
  3410 | D:4      | Mangled by an iguana

Skill      XL: |  1  2  3  4  5 |
---------------+----------------+-----
Fighting       | 3 |  3.8
Dodging        | 1 2 |  2.6
Stealth        | 1 2 |  2.7
Shields        | 4 |  4.2
Long Blades    | |  2.0
Armour         | |  3.2

Action                   |  1- 3 |  4- 6 || total
-------------------------+-------+-------++-------
Melee: Long sword        |   117 |    89 ||   206
  Use: Scroll            |     6 |       ||     6
       Potion            |     4 |     2 ||     6
 Stab: Sleeping          |     2 |     5 ||     7
       Distracted        |       |     1 ||     1
  Eat: Bread ration      |       |     2 ||     2
       Beef jerky        |       |     1 ||     1
Dodge: Dodged            |    68 |    26 ||    94
Block: Shield            |    71 |    40 ||   111
       Rpst.: Long sword |    15 |     6 ||    21
